 Dungeon Sprint DCSS version 0.28-a0-479-g5baa6b73be (webtiles) character file.

Game seed: 2142278582512229185

259 MikeHunt the Grappler (level 5, 0/45 HPs)
             Began as a Demonspawn Chaos Knight on Sept 17, 2021.
             Was a Plaything of Xom.
             Slain by a human (13 damage)
             ... in the Dungeon (Sprint III: "The Ten Rune Challenge").
             The game lasted 00:02:44 (935 turns).

MikeHunt the Grappler (Demonspawn Chaos Knight)      Turns: 935, Time: 00:02:45

Health: 0/45       AC:  5    Str: 13    XL:     5   Next: 94%
Magic:  5/5        EV: 12    Int: 14    God:    Xom [...*..]
Gold:   47         SH:  0    Dex: 12    Spells: 4/4 levels left

rFire   . . .      SeeInvis .     - Unarmed
rCold   . . .      Faith    .   (no shield)
rNeg    . . .      Spirit   .   a - +2 leather armour
rPois   .          Reflect  .   (no helmet)
rElec   .          Harm     .   (no cloak)
rCorr   .          Rampage  .   (no gloves)
Will    .....      NoTele   +   (no boots)
Stlth   +.........              (no amulet)
HPRegen 0.15/turn               (no ring)
MPRegen 0.09/turn               (no ring)

@: hasted, very quick
A: hooves 1, powered by death 2
a: Renounce Religion


You were in the Dungeon.
You worshipped Xom.
You were a favourite toy of Xom.
You visited 1 branch You collected 47 gold pieces.

Inventory:

Armour
 a - a +2 leather armour (worn)
Scrolls
 g - a scroll of blinking
 h - 2 scrolls of torment
 k - a scroll of immolation
Potions
 b - a potion of curing
 c - a potion of heal wounds
 e - 2 potions of magic
 f - 2 potions of mutation {unknown}
 j - a potion of invisibility {unknown}
 l - a potion of might
 m - 2 potions of flight


   Skills:
 + Level 5.6 Fighting
 - Level 1.7 Armour
 + Level 4.2 Dodging
 + Level 9.9 Unarmed Combat


You had 4 spell levels left.
You didn't know any spells.
Your spell library contained the following spells:

 Spells                   Type           Power      Damage    Failure   Level
 Summon Small Mammal      Summ           0%         N/A       36%         1
 Call Canine Familiar     Summ           0%         N/A       73%         3
 Summon Guardian Golem    Hex/Summ       0%         N/A       73%         3


Dungeon Overview and Level Annotations

Branches:
Dungeon (1/1)

Altars:
Dithmenos
Elyvilon
Kikubaaqudgha
Okawaru
Ru
Sif Muna
Trog
Uskayaw
Vehumet
Wu Jian
Yredelemnul
Zin
The Shining One
Beogh


Innate Abilities, Weirdness & Mutations

You have large cloven feet.
You regenerate health from kills.


Message History

You barely miss the human.
The human is lightly wounded.
The human hits you.
You closely miss the human. Your kick misses the human.
The human is lightly wounded.
The human hits you but does no damage.
The human rages.
The human hits you!
Things that are here:
a +0 dagger; a +0 robe; a human skeleton You feel much better.
The human hits you but does no damage.
You feel yourself speed up. The human closely misses you. x2
You hit the human but do no damage. You kick the human, but do no damage.
The human is lightly wounded.
The human hits you.
The human drinks a potion.
The human seems to grow stronger.
You barely miss the human.
The human is lightly wounded.
You hit the human.
The human is lightly wounded.
The human hits you.
You barely miss the human.
The human is lightly wounded.
The human closely misses you.
You miss the human.
The human is lightly wounded.
The human hits you.
You closely miss the human. Your kick misses the human.
Your punch misses the human.
The human is lightly wounded.
The human hits you.
You punch the human!
The human is lightly wounded.
The human hits you!
* * * LOW HITPOINT WARNING * * *
You closely miss the human. Your kick misses the human.
The human is lightly wounded.
The human hits you!
You die...
Xom chuckles heartily! ▓▓▓ # ##.############ #####..#___#___#__# .#..#..#!..#_p)#@_# oooooo .#..#..###'#)###p## oooooo e .##'#..#........p.# oooooo

.###...'.⌠........#
####...#...######+#
###....#.⌠.#v W
##.....#...#


O O O #÷.....#)### O .#.....#...# O You could see 2 humans.

Vanquished Creatures
  A necrophage (D)
  A water elemental (D)
  Jessica (D)
  A wizard (D)
  A necromancer (D)
  A human (D)
  A kobold demonologist (D)
  A phantom (D)
  An endoplasm (D)
  2 rats (D)
11 creatures vanquished.

Vanquished Creatures (others)
  A deep elf pyromancer (D)
  2 plants (D)
3 creatures vanquished.

Grand Total: 14 creatures vanquished

Notes
Turn   | Place    | Note
-------+----------+-------------------------------------------
     0 | D        | MikeHunt the Demonspawn Chaos Knight began the quest for
                  | the Orb.
     0 | D        | Reached XP level 1. HP: 18/18 MP: 1/1
    10 | D        | XOM: silly message
    12 | D        | Reached skill level 3 in Unarmed Combat
    41 | D        | Noticed Jessica
    63 | D        | Killed Jessica
    64 | D        | Reached skill level 6 in Unarmed Combat
    64 | D        | Gained mutation: You have large cloven feet. [demonic
                  | ancestry]
    64 | D        | Reached XP level 2. HP: 6/24 MP: 2/2
   202 | D        | XOM: divination: detect items
   225 | D        | XOM: noise
   233 | D        | Gained mutation: You regenerate a little health from kills.
                  | [demonic ancestry]
   233 | D        | Reached XP level 3. HP: 24/29 MP: 3/3
   307 | D        | Reached skill level 7 in Unarmed Combat
   387 | D        | Noticed a water elemental
   404 | D        | XOM: smoke on damage
   406 | D        | Killed a water elemental
   407 | D        | Reached skill level 8 in Unarmed Combat
   407 | D        | Gained mutation: You regenerate health from kills. [demonic
                  | ancestry]
   407 | D        | Reached XP level 4. HP: 8/35 MP: 4/4
   641 | D        | Found a shadowy altar of Dithmenos.
   641 | D        | Noticed a necrophage
   642 | D        | XOM: divination: detect creatures
   646 | D        | Killed a necrophage
   647 | D        | Reached skill level 9 in Unarmed Combat
   647 | D        | Reached XP level 5. HP: 27/43 MP: 5/5
   647 | D        | Found a basalt altar of Yredelemnul.
   647 | D        | Found a sacrificial altar of Ru.
   652 | D        | Reached skill level 5 in Fighting
   773 | D        | XOM: silly message
   822 | D        | XOM: noise
   886 | D        | Found a hide-covered altar of Uskayaw.
   886 | D        | Found an iron altar of Okawaru.
   894 | D        | Found a radiant altar of Vehumet.
   894 | D        | Found a shimmering blue altar of Sif Muna.
   894 | D        | Found an ancient bone altar of Kikubaaqudgha.
   913 | D        | Noticed a deep elf pyromancer
   913 | D        | XOM: cast spell 'Discord'
   915 | D        | Found a bloodstained altar of Trog.
   915 | D        | Found an ornate altar of the Wu Jian Council.
   915 | D        | Noticed a human
   915 | D        | Noticed a human
   919 | D        | Killed a deep elf pyromancer
   935 | D        | Slain by a human

Illustrated notes

Levels and vault maps discovered:
D:        dungeon_sprint_mu [sprint_mu_entry_cave, sprint_mu_temple_rooms,
          sprint_mu_d1_spiders, sprint_mu_d2_genie, sprint_mu_d3_branching,
          sprint_mu_orc_legion, sprint_mu_elf_gauntlet, sprint_mu_hive_nellie,
          sprint_mu_lair_fedhas, sprint_mu_vaults_butterflies,
          sprint_mu_slime_circle, sprint_mu_swamp_cave, sprint_mu_snake_twists,
          sprint_mu_blade_basic, sprint_mu_crypt_lich, sprint_mu_tomb_spiral,
          sprint_mu_vestibule_basic, sprint_mu_gehenna_hellfire,
          sprint_mu_dis_giant, sprint_mu_tartarus_statrot,
          sprint_mu_cocytus_islands, sprint_mu_zot1]

Skill      XL: |  1  2  3  4  5 |
---------------+----------------+-----
Unarmed Combat | 6 8 9 |  9.9
Fighting       | 4 5 |  5.6
Dodging        | 3 4 |  4.2
Armour         | |  1.7

Action                   |  1- 3 |  4- 6 || total
-------------------------+-------+-------++-------
Melee: Unarmed           |    35 |    27 ||    62
       Kick              |     3 |     3 ||     6
  Use: Scroll            |     2 |       ||     2
       Potion            |     1 |     2 ||     3
 Stab: Sleeping          |     1 |       ||     1
Armor: Leather armour    |     4 |     5 ||     9
Dodge: Dodged            |     7 |     6 ||    13

Table legend: (Time is in decaauts)
 A = Elapsed time spent in this place.
 B = Non-inter-level travel time spent in this place.
 C = Inter-level travel time spent in this place.
 D = Time resting spent in this place.
 E = Time spent auto-exploring this place.
 F = Levels seen in this place.
 G = Mean time per level.
                   A        B        C        D        E       F      G
               +--------+--------+--------+--------+--------+-----+--------+
         Total |    933 |    933 |      0 |    737 |      0 |   1 |  933.0 |
       Dungeon |    933 |    933 |      0 |    737 |      0 |   1 |  933.0 |
               +--------+--------+--------+--------+--------+-----+--------+

Top non-repeatable levels by time:
       D: 933 daAuts
